 Dungeon Crawl Stone Soup version 0.29.1-2-gbd0b4ee654 (webtiles) character file.

Game seed: 7331970819329937694

1341 GorkyZ the Shield-Bearer (level 8, -4/49 HPs)
             Began as a Gargoyle Fighter on Nov 26, 2022.
             Was an Initiate of Gozag.
             Killed by divine providence
             ... invoked by an orc priest
              (10 damage)
             ... on level 6 of the Dungeon.
             The game lasted 00:10:12 (6981 turns).

GorkyZ the Shield-Bearer (Gargoyle Fighter)         Turns: 6981, Time: 00:10:15

Health: -4/49      AC: 20    Str: 22    XL:     8   Next: 62%
Magic:  8/8        EV: 10    Int:  9    God:    Gozag
Gold:   354        SH:  4    Dex:  9    Spells: 7/7 levels left

rFire   . . .      SeeInvis .   r - +2 whip (venom)
rCold   . . .      Faith    .   c - +0 buckler
rNeg    + . .      Spirit   .   b - +0 scale mail
rPois   ∞          Reflect  .   e - +0 helmet
rElec   +          Harm     .   k - +2 cloak
rCorr   .          Rampage  .   (no gloves)
Will    .....                   C - +2 pair of boots
Stlth   ..........              (no amulet)
HPRegen 0.16/turn               (no ring)
MPRegen 0.11/turn               (no ring)

@: no status effects
A: sickness immunity, AC +5, negative energy resistance 1, electricity
resistance, torment resistance 1, petrification resistance
a: Renounce Religion, Potion Petition, Call Merchant, Bribe Branch


You were on level 6 of the Dungeon.
You worshipped Gozag.
Gozag was aware of your devotion.
You visited 2 branches of the dungeon, and saw 7 of its levels.

You collected 412 gold pieces.
You paid 58 gold pieces to Gozag.

Inventory:

Hand Weapons
 a - a +0 war axe
 r - a +2 whip of venom (weapon)
Missiles
 A - 5 poisoned darts (quivered)
Armour
 b - a +0 scale mail (worn)
 c - a +0 buckler (worn)
 e - a +0 helmet (worn)
 k - a +2 cloak (worn)
 C - a +2 pair of boots (worn)
Jewellery
 i - a ring of protection from cold
 u - a ring of magical power
Wands
 y - a wand of paralysis (24)
 B - a wand of digging (7)
Scrolls
 f - a scroll of summoning {unknown}
 g - a scroll of vulnerability
 n - a scroll of enchant weapon
 p - 4 scrolls of amnesia
 s - a scroll of blinking {unknown}
 t - 2 scrolls of teleportation
 w - a scroll of fear
Potions
 d - a potion of might
 h - 4 potions of attraction
 j - 3 potions of curing {unknown}
 l - a potion of invisibility
 m - a potion of cancellation {unknown}
 o - a potion of lignification {unknown}
 q - 2 potions of mutation {unknown}
 v - 2 potions of berserk rage {unknown}
 x - a potion of ambrosia {unknown}
 z - a potion of brilliance {unknown}
 D - a potion of degeneration {unknown}


   Skills:
 + Level 5.3 Fighting
 + Level 3.8 Axes
 + Level 3.2 Throwing
 + Level 5.3 Armour
 + Level 2.9 Dodging
 + Level 5.3 Shields
 + Level 3.4 Evocations


You had 7 spell levels left.
You didn't know any spells.
Your spell library contained the following spells:

 Spells                   Type           Power      Damage    Failure   Level
 Beastly Appendage        Tmut           0%         N/A       78%         1
 Magic Dart               Conj           0%         1d3       78%         1
 Blink                    Tloc           0%         N/A       89%         2
 Call Imp                 Summ           0%         N/A       89%         2
 Scorch                   Fire           0%         2d5       89%         2
 Wereblood                Tmut           0%         N/A       89%         2
 Mephitic Cloud           Conj/Pois/Air  0%         N/A       98%         3
 Spider Form              Tmut/Pois      0%         N/A       98%         3
 Stone Arrow              Conj/Erth      0%         3d7       98%         3
 Summon Guardian Golem    Hex/Summ       0%         N/A       98%         3
 Anguish                  Hex/Necr       0%         N/A       100%        4
 Flame Wave               Conj/Fire      0%         2d4       100%        4
 Lee's Rapid Deconstruct  Erth           0%         3d5*      100%        5
 Manifold Assault         Tloc           0%         N/A       100%        5
 Iron Shot                Conj/Erth      0%         9d1       100%        6
 Summon Cactus Giant      Summ           0%         N/A       100%        6
 Enfeeble                 Hex            0%         N/A       100%        7
 Orb of Destruction       Conj           0%         9d5       100%        7
 Spellforged Servitor     Conj/Summ      0%         N/A       100%        7
 Storm Form               Tmut/Air       0%         N/A       100%        7


Dungeon Overview and Level Annotations

Branches:
Dungeon (6/15)             Temple (1/1) D:5

Altars:
Ashenzari
Gozag
Kikubaaqudgha
Makhleb
Qazlal
Ru
Sif Muna
Vehumet
Xom
Yredelemnul
Zin
The Shining One


Innate Abilities, Weirdness & Mutations

You are immune to sickness and miasma.
Your stone body is resilient. (AC +5)
You are immune to poison.
You resist negative energy. (rN+)
You are resistant to electric shocks. (rElec)
You are resistant to unholy torment.
You are immune to petrification.


Message History

You closely miss the orc warrior. You barely miss the orc warrior.
The orc warrior hits you but does no damage.
You hit the orc warrior but do no damage.
The orc warrior barely misses you.
You barely miss the orc warrior.
The orc warrior hits you with a +0 battleaxe.
You hit the orc warrior but do no damage.
The orc warrior is poisoned.
The orc warrior hits you with a +0 battleaxe.
You closely miss the orc warrior.
The orc warrior hits you with a +0 battleaxe!
* * * LOW HITPOINT WARNING * * *
You closely miss the orc warrior.
The orc warrior is lightly wounded.
The orc priest calls upon Beogh to heal the orc warrior.
The orc warrior's wounds heal themselves!
The orc warrior barely misses you.
You barely miss the orc warrior. The orc warrior barely misses you.
You barely miss the orc warrior.
The orc warrior hits you with a +0 battleaxe.
* * * LOW HITPOINT WARNING * * *
You barely miss the orc warrior.
The orc warrior is lightly wounded.
The orc warrior barely misses you.
You hit the orc warrior.
The orc warrior looks as sick as possible!
The orc warrior is moderately wounded.
You block the orc warrior's attack.
You closely miss the orc warrior.
The orc warrior is heavily wounded.
The orc warrior hits you with a +0 battleaxe.
* * * LOW HITPOINT WARNING * * *
You hit the orc warrior but do no damage.
The orc warrior looks as sick as possible!
The orc warrior is severely wounded.
The orc priest mumbles some strange prayers to Beogh against you.
Beogh smites you!
You die...
Your body crumbles into a pile of gold.

######################
#...........$.@ooos.>.
#.###################.
#.# ###.# ....#
###.##### #.....#
##.###.#####.#
#.....[......#


You could see an orc warrior (extremely poisoned), a scorpion, an orc priest and
an orc.

Vanquished Creatures
  Eustachio (D:5)
  A steam dragon (D:6)
  2 black bears
  An ogre (D:5)
  A centaur (D:6)
  A phantom (D:5)
  Blork the orc (D:6)
  5 scorpions
  A necrophage (D:4)
  A crimson imp (D:5)
  3 gnolls (D:6)
  9 adders
  A white imp (D:6)
  An ufetubus (D:4)
  3 dart slugs
  10 orcs
  5 ball pythons
  A bat (D:1)
  8 endoplasms
  4 giant cockroaches
  3 goblins
  5 hobgoblins
  2 jackals (D:4)
  4 quokkas
  7 frilled lizards
  5 kobolds
  6 rats
92 creatures vanquished.

Vanquished Creatures (others)
  2 fungi (D:1)
  16 plants (D:1)
18 creatures vanquished.

Grand Total: 110 creatures vanquished

Notes
Turn   | Place    | Note
-------+----------+-------------------------------------------
     0 | D:1      | GorkyZ the Gargoyle Fighter began the quest for the Orb.
     0 | D:1      | Reached XP level 1. HP: 14/14 MP: 1/1
   251 | D:1      | Reached XP level 2. HP: 19/19 MP: 2/2
   383 | D:1      | Found a faded altar of an unknown god.
   942 | D:1      | Reached XP level 3. HP: 22/23 MP: 3/3
  1844 | D:2      | Reached skill level 1 in Evocations
  2298 | D:2      | Reached XP level 4. HP: 28/28 MP: 4/4
  2685 | D:3      | Reached skill level 1 in Throwing
  2698 | D:3      | Reached skill level 1 in Dodging
  2987 | D:3      | Noticed a scorpion
  2997 | D:3      | Killed a scorpion
  2998 | D:3      | Reached XP level 5. HP: 23/33 MP: 5/5
  3647 | D:4      | Got the Omnibus of Silt
  3738 | D:4      | Reached XP level 6. HP: 36/38 MP: 6/6
  5062 | D:5      | Entered Level 5 of the Dungeon
  5080 | D:5      | Reached XP level 7. HP: 43/43 MP: 7/7
  5382 | D:5      | Found a staircase to the Ecumenical Temple.
  5396 | Temple   | Entered the Ecumenical Temple
  5446 | Temple   | Became a worshipper of Gozag Ym Sagoz the Greedy
  5685 | D:5      | Noticed Eustachio
  5696 | D:5      | Killed Eustachio
  5888 | D:5      | Found a glowing golden altar of the Shining One.
  5888 | D:5      | Found a stormy altar of Qazlal.
  5939 | D:5      | Reached XP level 8. HP: 48/48 MP: 8/8
  5964 | D:5      | Found a shimmering altar of Xom.
  5965 | D:5      | Found a burning altar of Makhleb.
  6229 | D:6      | Reached skill level 5 in Armour
  6229 | D:6      | Reached skill level 5 in Shields
  6335 | D:6      | Noticed Blork the orc
  6347 | D:6      | Killed Blork the orc
  6348 | D:6      | Reached skill level 5 in Fighting
  6981 | D:6      | Killed from afar by an orc priest

Illustrated notes

Levels and vault maps discovered:
D:1:      onia_arrival_mini_maze_b, layout_loops_ring,
          shapermc_ecumenical_altar_gd, amcnicky_mini_rare_corridor_liquid,
          serial_bayou_lagoon_a, palyth_stone_intersect
D:2:      layout_basic
D:3:      layout_basic, kennysheep_generic_room_3
D:4:      layout_basic
D:5:      layout_basic, grunt_temple_overflow_champion_of_chaos,
          nicolae_overflow_two_pavilions, minmay_temple_entry_tees,
          uniq_eustachio
D:6:      minmay_inner_zag, layout_loops_ring, uniq_blork_the_orc
Temple:   minmay_crystal_spiral_temple

Skill      XL: |  1  2  3  4  5  6  7  8 |
---------------+-------------------------+-----
Axes           | 2 3 |  3.8
Evocations     | 1 2 3 |  3.4
Throwing       | 1 2 3 |  3.2
Dodging        | 1 2 |  2.9
Armour         | 4 5 |  5.3
Shields        | 4 5 |  5.3
Fighting       | 4 5 |  5.3

Action                   |  1- 3 |  4- 6 |  7- 9 || total
-------------------------+-------+-------+-------++-------
Melee: War axe           |   121 |    27 |    21 ||   169
       Whip              |       |   110 |   158 ||   268
  Use: Scroll            |       |    11 |       ||    11
       Potion            |       |       |     1 ||     1
Armor: Scale mail        |    78 |    74 |   108 ||   260
Dodge: Dodged            |    71 |    54 |    71 ||   196
Block: Buckler           |    26 |    30 |    26 ||    82
